 Dungeon Crawl Stone Soup version 0.30-a0-1161-g0704695555 (webtiles) character file.

Game seed: 4096664908207723652

105 Dittersdorf the Covered (level 4, -7/29 HPs)
             Began as a Gargoyle Fighter on Apr 27, 2023.
             Mangled by a gnoll
             ... wielding a +2 spear of distortion
              (11 damage)
             ... on level 2 of the Dungeon.
             The game lasted 00:01:59 (1449 turns).

Dittersdorf the Covered (Gargoyle Fighter)          Turns: 1449, Time: 00:02:00

Health: -7/29      AC: 16    Str: 21    XL:     4   Next: 83%
Magic:  4/4        EV:  8    Int:  9    God:
Gold:   109        SH:  4    Dex:  9    Spells: 3/3 levels left

rFire   . . .        a - +0 flail
rCold   . . .        c - +0 buckler
rNeg    + . .        f - +0 chain mail
rPois   ∞            m - +0 helmet
rElec   +            (no cloak)
rCorr   .            (no gloves)
SInv    .            i - +1 pair of boots
Will    .....        (no amulet) Stlth
                     (no ring)
HPRegen 0.24/turn    (no ring)
MPRegen 0.09/turn

%: no passive effects
@: no status effects
A: sickness immunity, AC +3, negative energy resistance 1, electricity
resistance, torment resistance 1, petrification resistance
a: no special abilities


You were on level 2 of the Dungeon.
You visited 1 branch of the dungeon, and saw 2 of its levels.

You collected 109 gold pieces.

Inventory:

Hand Weapons
 a - a +0 flail (weapon)
Armour
 c - a +0 buckler (worn)
 f - a +0 chain mail (worn)
 i - a +1 pair of boots (worn)
 m - a +0 helmet (worn)
Scrolls
 b - 3 scrolls of blinking {unknown}
 e - 3 scrolls of identify {unknown}
 j - a scroll of immolation {unknown}
Potions
 d - a potion of might
 g - a potion of heal wounds {unknown}
 h - a potion of curing {unknown}
 k - a potion of magic {unknown}
 l - a potion of ambrosia {unknown}


   Skills:
 + Level 4.1 Fighting
 + Level 2.9 Maces & Flails
 + Level 4.1 Armour
 + Level 4.0 Shields


You had 3 spell levels left.
You didn't know any spells.
Your spell library was empty.

Dungeon Overview and Level Annotations

Branches:
Dungeon (2/15)

Altars:
Xom


Innate Abilities, Weirdness & Mutations

You are immune to sickness and miasma.
Your stone body is resilient. (AC +3)
You are immune to poison.
You resist negative energy. (rN+)
You are resistant to electric shocks. (rElec)
You are resistant to unholy torment.
You are immune to petrification.


Message History

A gnoll comes into view. It is wielding a +0 spear.
The gnoll hits you with a +0 halberd of protection.
You hit the gnoll.
The gnoll is moderately wounded.
You block the gnoll's attack.
The gnoll hits you with a +0 halberd of protection.
The gnoll closely misses you.
You thump the gnoll!
The gnoll is severely wounded.
You block the gnoll's attack. The gnoll hits you but does no damage.
You sock the gnoll!
You kill the gnoll!
The gnoll barely misses you. The gnoll hits you with a +0 spear.
The gnoll closely misses you.
Things that are here:
a +0 halberd of protection; a gnoll corpse You hit the gnoll but do no damage.
The gnoll hits you but does no damage. The gnoll barely misses you.
You hit the gnoll.
The gnoll is heavily wounded.
The gnoll barely misses you. The gnoll hits you but does no damage.
You blink.
The gnoll hits you but does no damage.
The gnoll hits you but does no damage. x2; Space warps around you.
You closely miss the gnoll.
The gnoll is heavily wounded.
You block the gnoll's attack.
The gnoll hits you from afar with a +2 spear of distortion!
You barely miss the gnoll.
The gnoll is heavily wounded.
You block the gnoll's attack.
The gnoll hits you from afar with a +2 spear of distortion!
You hit the gnoll but do no damage.
The gnoll is heavily wounded.
You block the gnoll's attack. The gnoll completely misses you.
The gnoll hits you with a +0 spear.
* * * LOW HITPOINT WARNING * * *
The gnoll hits you from afar with a +2 spear of distortion.
* * * LOW HITPOINT WARNING * * *
Space warps horribly around you!
You die...

..>.########...............####..
.............<...........#.##..~~
....#########...............~.~≈~
....##..###...............#..~.≈~
...###..~...#.....#.......##~≈≈~~
#### #.~≈≈###.....##.....###≈≈≈~.
#.~~.........###...## #≈≈≈≈#
#~≈..###.########### #≈≈≈## #~~
#...@ggg..... #≈≈### #
############# #≈## # #≈ # ##


You could see 3 gnolls.

Vanquished Creatures
  Robin (D:2)
  A gnoll (D:2)
  2 adders (D:2)
  A dart slug (D:2)
  5 ball pythons (D:2)
  An endoplasm (D:1)
  3 giant cockroaches
  12 goblins
  9 hobgoblins
  4 quokkas
  5 bats
  5 frilled lizards
  5 kobolds
  8 rats
62 creatures vanquished.

Notes
Turn   | Place    | Note
-------+----------+-------------------------------------------
     0 | D:1      | Dittersdorf the Gargoyle Fighter began the quest for the
                  | Orb.
     0 | D:1      | Reached XP level 1. HP: 14/14 MP: 1/1
   192 | D:1      | Reached XP level 2. HP: 8/19 MP: 2/2
   736 | D:1      | Reached XP level 3. HP: 21/23 MP: 3/3
   999 | D:2      | Found a shimmering altar of Xom.
  1033 | D:2      | Reached XP level 4. HP: 29/29 MP: 4/4
  1045 | D:2      | Identified the staff of conjuration "Zaekemi" {*Corrode
                  | rF++ Int+7}
  1066 | D:2      | Found a faded altar of an unknown god.
  1151 | D:2      | Noticed Robin
  1188 | D:2      | Killed Robin
  1449 | D:2      | Mangled by a gnoll

Illustrated notes

Levels and vault maps discovered:
D:1:      psy_arrival_whirlpool, layout_basic, serial_glass, glass_columns_a,
          glass_columns_c
D:2:      layout_rooms, nicolae_ecumenical_snake_handling, basic_altar,
          serial_rivers, chequers_serial_rivers_large_a,
          chequers_serial_rivers_small_a, chequers_serial_rivers_micro_b,
          chequers_serial_rivers_marsh, minmay_octomino_j4, uniq_robin,
          uniq_sigmund

Skill      XL: |  1  2  3  4 |
---------------+-------------+-----
Armour         | 4 |  4.1
Fighting       | 4 |  4.1
Shields        | 4 |  4.0
Maces & Flails | |  2.9

Action                     |  1- 3 |  4- 6 || total
---------------------------+-------+-------++-------
  Melee: Flail             |   141 |    77 ||   218
 Armour: Scale mail        |    31 |       ||    31
         Chain mail        |    67 |    60 ||   127
  Dodge: Dodged            |    65 |    43 ||   108
  Block: Buckler           |    32 |    25 ||    57

Table legend: (Time is in decaauts)
 A = Elapsed time spent in this place.
 B = Non-inter-level travel time spent in this place.
 C = Inter-level travel time spent in this place.
 D = Time resting spent in this place.
 E = Time spent auto-exploring this place.
 F = Levels seen in this place.
 G = Mean time per level.
                   A        B        C        D        E       F      G
               +--------+--------+--------+--------+--------+-----+--------+
         Total |   1523 |   1484 |     39 |      0 |   1007 |   2 |  761.5 |
       Dungeon |   1523 |   1484 |     39 |      0 |   1007 |   2 |  761.5 |
               +--------+--------+--------+--------+--------+-----+--------+

Top non-repeatable levels by time:
     D:1: 879 daAuts
     D:2: 644 daAuts
